 Dungeon Crawl Stone Soup version 0.32-a0-994-gabb26cbae4 (webtiles) character file.

Game seed: 15571448499298170651

206 P0WERM0DE the Trooper (level 5, -5/43 HPs)
             Began as a Coglin Chaos Knight on Apr 22, 2024.
             Was a Plaything of Xom.
             Slain by a chaos spawn (17 damage)
             ... in a sewer.
             The game lasted 00:01:10 (2137 turns).

P0WERM0DE the Trooper (Coglin Chaos Knight)         Turns: 2137, Time: 00:01:10

Health: -5/43      AC:  7    Str: 11      XL:     5   Next: 84%
Magic:  3/5        EV: 10    Int: 17      God:    Xom [.*....]
Gold:   118        SH:  0    Dex:  9 (13) Spells: 4/4 levels left

rFire   . . .        a - +0 hand axe (chaos) {Balvinder}
rCold   . . .        m - +0 dagger (speed) {Ekveer}
rNeg    . . .        b - +2 leather armour
rPois   .            (no helmet)
rElec   .            (no cloak)
rCorr   .            j - +0 pair of gloves
SInv    .            (no boots)
Will    .....        (amulet unavailable)
Stlth   +            (ring unavailable)
HPRegen 0.27/turn    (ring unavailable)
MPRegen 0.09/turn    (no gizmo)

%: no passive effects
@: revved
A: off-hand wielding, slow wielding, warmup strikes, no jewellery, clever 1,
sense surroundings 1, shaggy fur 1, wild magic 1
a: Invent Gizmo, Renounce Religion


You were in a sewer.
You worshipped Xom.
You were a plaything of Xom.
You visited 1 branch of the dungeon, and saw 3 of its levels.
You also visited: Sewer.

You collected 118 gold pieces.

Inventory:

Hand Weapons
 a - a +0 hand axe of chaos (weapon) {Balvinder}
 d - a +0 dagger {Adela}
 m - a +0 dagger of speed (offhand) {Ekveer}
   (You found it on level 3 of the Dungeon)
Armour
 b - a +2 leather armour (worn)
 j - a +0 pair of gloves (worn)
   (You found it on level 2 of the Dungeon)
Scrolls
 c - a scroll of butterflies
 e - 2 scrolls of teleportation {unknown}
 f - 2 scrolls of enchant armour {unknown}
 g - 2 scrolls of identify {unknown}
 i - a scroll of silence {unknown}
 n - a scroll of vulnerability {unknown}
 o - a scroll of noise {unknown}
 q - a scroll of revelation {unknown}
Potions
 h - 3 potions of attraction {unknown}
 k - a potion of mutation {unknown}
 l - a potion of cancellation {unknown}
 p - a potion of curing {unknown}
 r - a potion of degeneration {unknown}


   Skills:
 * Level 4.9 Fighting
 * Level 4.9 Axes
 - Level 1.7 Armour
 - Level 0.8 Dodging


You had 4 spell levels left.
You didn't know any spells.
Your spell library was empty.

Dungeon Overview and Level Annotations

Branches:
Dungeon (3/15)              Sewer (1/1)

Altars:
Hepliaklqana


Innate Abilities, Weirdness & Mutations

You can wield a second weapon in your off-hand.
It takes a long time for you to wield or remove held weapons.
Your first few attacks do less damage.
You cannot equip rings or amulets.
Your mind is acute. (Int +4, Str/Dex -1)
You passively map a small area around you.
You are covered in fur. (AC +1)
Your spells are a little harder to cast, but a little more powerful.


Message History

You hit the ball python with your +0 hand axe of chaos.
You kill the ball python!
You hit the giant cockroach with your +0 hand axe of chaos.
The giant cockroach is poisoned.
You barely miss the quasit with your +0 hand axe of chaos.
You kill the giant cockroach!
The quasit closely misses you. The quasit barely misses you.
The quasit claws you but does no damage.
You hit the quasit but do no damage. x2; The quasit seems to slow down. "Hum-dee-hum-dee-hum..."
The quasit evaporates and reforms as a chaos spawn!
You are now a plaything of Xom.
The chaos spawn bites you. The chaos spawn shocks you!
You are too injured to fight recklessly!
You are too injured to fight recklessly!
You are too injured to fight recklessly!
You are too injured to fight recklessly!
You are too injured to fight recklessly!
You are too injured to fight recklessly!
You are too injured to fight recklessly!
You are too injured to fight recklessly!
You are too injured to fight recklessly!
A chaos spawn is nearby!
You hit the chaos spawn with your +0 hand axe of chaos.
The chaos spawn seems to grow stronger.
The chaos spawn is moderately wounded.
You hit the chaos spawn but do no damage.
You hit the chaos spawn with your +0 hand axe of chaos.
You freeze the chaos spawn.
The chaos spawn is heavily wounded.
You hit the chaos spawn with your +0 dagger of speed.
The chaos spawn punches you!
* * * LOW HITPOINT WARNING * * *
You feel your power leaking away.
You hit the chaos spawn with your +0 hand axe of chaos.
The chaos spawn is severely wounded.
You hit the chaos spawn but do no damage.
The chaos spawn trunk-slaps you!
You die...
Xom is highly amused!

* * * ##.....## * *
~ #..§.§..# * *
,+.......+ ,, ,
+.§._.§.+ ,
+.......+, * ...§...
~ ~ * #.)4#* *
####@######### ~
≈~≈#...#≈≈≈~≈~# ~
~~~~~.....~~~.~~# ~
....#...#......# ~
#######~#######'# *
,.....#≈≈≈#......#
~~~...#≈≈≈#..~~~~#
~*≈≈~~~...≈...~≈~≈≈#
≈≈≈≈≈~#..)#.~≈≈≈≈#


You could see a chaos spawn (strong).

Vanquished Creatures
  A centaur (D:3)
  A jelly (D:3)
  4 adders
  A shadow imp (Sewer)
  An ufetubus (Sewer)
  A dart slug (D:1)
  2 ribbon worms
  An endoplasm (D:2)
  6 giant cockroaches
  4 hobgoblins
  4 jackals (D:3)
  4 quokkas
  2 ball pythons
  5 bats
  3 frilled lizards
  A giant cockroach zombie (Sewer)
  9 kobolds
  2 rats (D:3)
52 creatures vanquished.

Notes
Turn   | Place    | Note
-------+----------+-------------------------------------------
     0 | D:1      | P0WERM0DE the Coglin Chaos Knight began the quest for the
                  | Orb.
     0 | D:1      | Reached XP level 1. HP: 18/18 MP: 1/1
    69 | D:1      | XOM: butterfly on damage
   152 | D:1      | XOM: silly message
   218 | D:1      | You fall into a shaft and drop 1 floor!
   323 | D:2      | XOM: butterfly on damage
   329 | D:2      | Reached XP level 2. HP: 17/24 MP: 2/2
   685 | D:2      | Found a hazy altar of Hepliaklqana.
   700 | D:2      | Reached XP level 3. HP: 29/29 MP: 3/3
  1002 | D:2      | XOM: give mutations
  1002 | D:2      | Gained mutation: Your spells are a little harder to cast,
                  | but a little more powerful. [Xom's mischief]
  1002 | D:2      | Gained mutation: You passively map a small area around you.
                  | [Xom's mischief]
  1002 | D:2      | Gained mutation: You are covered in fur. (AC +1) [Xom's
                  | mischief]
  1002 | D:2      | Gained mutation: Your mind is acute. (Int +4, Str/Dex -1)
                  | [Xom's mischief]
  1307 | D:3      | Found a faded altar of an unknown god.
  1412 | D:3      | a ribbon worm changed into a centaur
  1412 | D:3      | Noticed a centaur
  1415 | D:3      | Killed a centaur
  1416 | D:3      | Reached XP level 4. HP: 35/38 MP: 4/4
  1469 | D:3      | Reached XP level 5. HP: 42/43 MP: 5/5
  1775 | D:3      | XOM: torment (22/43 hp)
  1961 | D:3      | Found a glowing drain.
  1965 | Sewer    | Entered a sewer
  1971 | Sewer    | XOM: summons 3 hostile demons
  2124 | Sewer    | Found a burning altar of Makhleb.
  2134 | Sewer    | a quasit changed into a chaos spawn
  2134 | Sewer    | Noticed a chaos spawn
  2134 | Sewer    | XOM: polymorph quasit -> chaos spawn
  2137 | Sewer    | Slain by a chaos spawn

Illustrated notes

Levels and vault maps discovered:
D:1:      shiori_arrival_oz, layout_loops_ring, hangedman_decor_diamond_cutter
D:2:      layout_basic, basic_altar, kennysheep_generic_room_3
D:3:      layout_loops_ring, gup_sewer_entry_spiral,
          ebering_ecumenical_altar_rust
Sewer:    kennysheep_sewer_church

Skill      XL: |  1  2  3 |
---------------+----------+-----
Fighting       | 4 |  4.9
Axes           | 4 |  4.9
Armour         | |  1.7
Dodging        | |  0.8

Action                     |  1- 3 |  4- 6 || total
---------------------------+-------+-------++-------
  Melee: Hand axe          |    48 |   101 ||   149
         Dagger            |    46 |    94 ||   140
   Stab: Sleeping          |     1 |     2 ||     3
         Confused          |       |     2 ||     2
         Paralysed         |       |     1 ||     1
 Armour: Leather armour    |    40 |   103 ||   143
  Dodge: Dodged            |    21 |    75 ||    96

Table legend: (Time is in decaauts)
 A = Elapsed time spent in this place.
 B = Non-inter-level travel time spent in this place.
 C = Inter-level travel time spent in this place.
 D = Time resting spent in this place.
 E = Time spent auto-exploring this place.
 F = Levels seen in this place.
 G = Mean time per level.
                   A        B        C        D        E       F      G
               +--------+--------+--------+--------+--------+-----+--------+
         Total |   2145 |   2100 |     45 |      0 |   1696 |   4 |  536.2 |
       Dungeon |   1978 |   1933 |     45 |      0 |   1589 |   3 |  659.3 |
         Sewer |    167 |    167 |      0 |      0 |    107 |   1 |  167.0 |
               +--------+--------+--------+--------+--------+-----+--------+

Top non-repeatable levels by time:
     D:2: 1087 daAuts
     D:3: 672 daAuts
     D:1: 218 daAuts
   Sewer: 167 daAuts
